 Dungeon Crawl Stone Soup version 0.31-a0-152-g6aa68a64a1 (webtiles) character file.

Game seed: 8605222160717577219

306 qw the Shooter (level 6, -5/53 HPs)
             Began as a Minotaur Hunter on June 9, 2023.
             Slain by a black bear (6 damage)
             ... on level 6 of the Dungeon.
             The game lasted 00:00:33 (1678 turns).

qw the Shooter (Minotaur Hunter)                    Turns: 1678, Time: 00:00:34

Health: -5/53      AC:  3    Str: 15    XL:     6   Next: 16%
Magic:  5/5        EV: 12    Int:  6    God:
Gold:   72         SH:  0    Dex: 16    Spells: 5/5 levels left

rFire   . . .        Y - +1 shortbow
rCold   . . .        (shield currently unavailable)
rNeg    . . .        c - +0 leather armour
rPois   .            (helmet restricted)
rElec   .            (no cloak)
rCorr   .            (no gloves)
SInv    .            (no boots)
Will    .....        (no amulet)
Stlth   +            (no ring)
HPRegen 0.28/turn    (no ring)
MPRegen 0.09/turn

%: no passive effects
@: no status effects
A: horns 2, retaliatory headbutt
a: no special abilities


You were on level 6 of the Dungeon.
You visited 1 branch of the dungeon, and saw 4 of its levels.

You collected 72 gold pieces.


Innate Abilities, Weirdness & Mutations

You have a pair of horns on your head.
You reflexively headbutt those who attack you in melee.


   Skills:
 - Level 4.7 Fighting
 + Level 7.3 Ranged Weapons
 - Level 2.1 Dodging
 - Level 0.7 Stealth


You had 5 spell levels left.
You didn't know any spells.
Your spell library was empty.

Inventory:

Hand Weapons
 Y - a +1 shortbow (weapon)
Armour
 c - a +0 leather armour (worn)
 d - a +0 ring mail
Scrolls
 a - 2 scrolls of identify
 b - 2 scrolls of noise {unknown}
Potions
 e - a potion of degeneration {unknown}
 f - a potion of curing
 g - a potion of heal wounds {unknown}
 h - a potion of ambrosia {unknown}

Dungeon Overview and Level Annotations

Branches:
Dungeon (6/15)
 Temple: D:4-7

Altars:
Ru
Trog

Annotations:
D:6 Prince Ribbit


Message History

You shoot an arrow. The arrow hits the phantom.
The phantom is severely damaged.
The phantom hits you.
You shoot an arrow. The arrow hits the phantom!
You destroy the phantom!
Your Ranged Weapons skill increases to level 7!
You have reached level 6!
You start resting.
HP restored.
Found 4 poisoned darts.
h - an emerald potion A black bear comes into view.
Found a stone staircase leading down.
The black bear growls angrily.
You hear a loud, deep croak!
The black bear moves out of view.
Found a scroll of identify.
You shoot an arrow. The arrow hits the black bear.
The black bear is lightly wounded.
Prince Ribbit comes into view.
You shoot an arrow. The arrow hits the black bear.
The black bear is moderately wounded.
The black bear bites you! The black bear claws you. x2
Prince Ribbit closely misses you. You furiously retaliate!
You headbutt Prince Ribbit. You shoot an arrow. The arrow hits the black bear.
The black bear is moderately wounded.
Prince Ribbit barely misses you.
The black bear bites you but does no damage.
The black bear claws you. The black bear closely misses you.
Prince Ribbit hits you!
You shoot an arrow. The arrow hits the black bear.
The black bear is heavily wounded.
The black bear bites you. The black bear misses you. The black bear claws you.
Prince Ribbit barely misses you.
You shoot an arrow. The arrow hits the black bear.
The black bear is heavily wounded.
Prince Ribbit hits you! The black bear bites you.
The black bear claws you but does no damage.
The black bear claws you. Prince Ribbit hits you. The black bear bites you.
You die...

###.#.......##.
............##.
###.#.......###
#.###....##
###. #....# ...
#..#.# # #.#
#.##.#
#.####.#####.#
..
#.F@.........#
##
#.h###.####..#
#>. #.# #..#
#... #.# #..#
#.#.
#.####..####...
#.#.
#..............
# #?
######..####...
#. #.....
..(......


You could see Prince Ribbit and a black bear.

Vanquished Creatures
  A sky beast (D:6)
  An ogre (D:6)
  A phantom (D:6)
  An adder (D:2)
  2 dart slugs
  7 orcs (D:3)
  4 bats
  4 endoplasms
  A giant cockroach (D:1)
  2 goblins
  3 hobgoblins
  6 kobolds
  2 quokkas
  2 ball pythons (D:1)
  4 frilled lizards
  2 rats
43 creatures vanquished.

Notes
Turn   | Place    | Note
-------+----------+-------------------------------------------
     0 | D:1      | qw the Minotaur Hunter began the quest for the Orb.
     0 | D:1      | Reached XP level 1. HP: 18/18 MP: 0/0
     0 | D:1      | 0 ||| qw: Version: 0.2-a-122-gbc61b45
     0 | D:1      | 0 ||| qw: Game counter: 3413
     0 | D:1      | 0 ||| qw: Always use a shield: true
     0 | D:1      | 0 ||| qw: God list: Okawaru
     0 | D:1      | 0 ||| qw: Allow faded altars: false
     0 | D:1      | 0 ||| qw: Do Orc after D:15 true
     0 | D:1      | 0 ||| qw: Do second Lair branch before Depths: true
     0 | D:1      | 0 ||| qw: Lair rune preference: random
     0 | D:1      | 0 ||| qw: Plans: Normal
     0 | D:1      | 0 ||| PLANNING D:1-11
    99 | D:1      | Reached XP level 2. HP: 25/25 MP: 1/1
   124 | D:1      | Reached skill level 5 in Ranged Weapons
   216 | D:1      | Reached skill level 3 in Fighting
   491 | D:1      | 491 ||| DROPPING scroll of butterflies.
   747 | D:2      | Reached XP level 3. HP: 31/31 MP: 2/2
   913 | D:2      | 913 ||| READING scroll labelled UTSEFUFIOPS.
   914 | D:2      | 914 ||| READING scroll labelled PURHYCREXKE.
   915 | D:2      | 915 ||| READING scroll labelled XEUSTRO ATUOMA.
   916 | D:2      | 916 ||| READING scroll labelled OVOSTR TOESOMP.
   917 | D:2      | 917 ||| DRINKING 3 puce potions.
   918 | D:2      | 918 ||| DRINKING 2 metallic ruby potions.
   919 | D:2      | 919 ||| DROPPING 2 potions of magic.
  1409 | D:3      | Found a bloodstained altar of Trog.
  1423 | D:3      | Found a sacrificial altar of Ru.
  1426 | D:3      | You fall into a shaft and drop 3 floors!
  1435 | D:6      | Noticed a sky beast
  1443 | D:6      | Killed a sky beast
  1444 | D:6      | Reached skill level 6 in Ranged Weapons
  1444 | D:6      | Reached XP level 4. HP: 17/38 MP: 3/3
  1444 | D:6      | Reached XP level 5. HP: 20/45 MP: 4/4
  1560 | D:6      | Noticed an ogre
  1571 | D:6      | Killed an ogre
  1631 | D:6      | Noticed a phantom
  1639 | D:6      | Killed a phantom
  1640 | D:6      | Reached skill level 7 in Ranged Weapons
  1640 | D:6      | Reached XP level 6. HP: 49/53 MP: 5/5
  1674 | D:6      | Noticed Prince Ribbit
  1678 | D:6      | HP: 11/53 [Prince Ribbit (11)]
  1678 | D:6      | HP: 1/53 [Prince Ribbit (6)]
  1678 | D:6      | Slain by a black bear

Levels and vault maps discovered:
D:1:      amcnicky_arrival_choice, layout_basic
D:2:      layout_basic
D:3:      gammafunk_steamed_eel, layout_rooms, grunt_temple_overflow_open,
          minmay_misc_feat_nine_boxes, uniq_terence
D:6:      layout_loops_ring, uniq_sigmund, uniq_prince_ribbit1

Skill      XL: |  1  2  3  4  5 |
---------------+----------------+-----
Ranged Weapons | 5 6 7 |  7.3
Fighting       | 3 4 |  4.7
Dodging        | |  2.1
Stealth        | |  0.7

Action                     |  1- 3 |  4- 6 || total
---------------------------+-------+-------++-------
   Fire: Shortbow          |   101 |    23 ||   124
    Use: Scroll            |     4 |       ||     4
         Potion            |     2 |       ||     2
 Armour: Leather armour    |     6 |     2 ||     8
  Dodge: Dodged            |     8 |    10 ||    18

Table legend:
 A = Non-vault XP
 B = Vault XP
 C = Vault XP percentage of total XP
 D = Non-vault monster count
 E = Vault monster count
 F = Vault count percentage of total count
                 A         B        C        D         E       F
            +---------+---------+-------+---------+---------+-------
      Total |     438 |       0 |   0.0 |      43 |       0 |   0.0
            +---------+---------+-------+---------+---------+-------
        D:1 |      39 |       0 |   0.0 |      22 |       0 |   0.0
        D:2 |      25 |       0 |   0.0 |       8 |       0 |   0.0
        D:3 |      26 |       0 |   0.0 |      10 |       0 |   0.0
        D:6 |     348 |       0 |   0.0 |       3 |       0 |   0.0
            +---------+---------+-------+---------+---------+-------
